 Dungeon Crawl Stone Soup version 0.24.0-1-gfbc8707122 (webtiles) character file.

Game seed: 3063234956119602585, levelgen mode: deterministic

413522 theswoord the Warrior (level 22, -2/190 HPs)
             Began as a Demonspawn Abyssal Knight on Oct 27, 2019.
             Was the Champion of Lugonu.
             Killed from afar by a deep elf death mage (30 damage)
             ... with a bolt of negative energy
             ... on level 3 of the Elven Halls.
             The game lasted 03:15:29 (49727 turns).

theswoord the Warrior (Demonspawn Abyssal Knight)  Turns: 49727, Time: 03:15:30

Health: -2/190     AC: 26    Str: 17    XL:     22   Next: 51%
Magic:  0/30       EV: 14    Int: 10    God:    Lugonu [******]
Gold:   500        SH: 18    Dex: 20    Spells: 20/21 levels left

rFire    + + .     SeeInvis .   C - +7 sceptre of Torment {pain, torment}
rCold    + . .     Gourm    .   E - +2 shield
rNeg     . . .     Faith    .   I - +9 chain mail "Hisacvuop" {+Fly rC+ Int-5 Dex+3}
rPois    .         Spirit   +   g - +2 helmet "Gojis" {MR+}
rElec    .         Reflect  +   (no cloak)
rCorr    .         Harm     .   r - +0 pair of gloves
MR       ++...                  (boots unavailable)
Stlth    ..........             w - +2 amulet of reflection
HPRegen  0.41/turn              i - +2 ring of slaying
MPRegen  0.44/turn              j - +4 ring of slaying

@: about to teleport, corroded, very slightly contaminated, drained
A: fangs 1, hooves 3, molten scales 3, demonic guardian 2, fire resistance 1,
sense surroundings 1, magic shield, magic regeneration, magic link
}: 2/15 runes: serpentine, barnacled
a: Depart the Abyss, Bend Space, Banish, Corrupt, Enter the Abyss, Renounce
Religion, Evoke Flight


You were on level 3 of the Elven Halls.
You worshipped Lugonu.
Lugonu was exalted by your worship.
You were not hungry.

You visited 7 branches of the dungeon, and saw 38 of its levels.
You visited the Abyss 2 times.
You also visited: Ice Cave and Desolation.

You collected 4813 gold pieces.
You spent 4313 gold pieces at shops.

Inventory:

Hand Weapons
 C - the +7 sceptre of Torment (weapon) {pain, torment}
   (You bought it in a shop on level 1 of the Shoals)

   In the hands of one skilled in necromantic magic, it inflicts extra damage on
   living creatures.
 G - the +8 whip "Snakebite" {curare, rPois}
   (You found it on level 3 of the Lair of Beasts)

   It poisons the flesh of those it strikes.
   It protects you from poison.
 M - a +9 demon whip of distortion
 Q - the +9 demon whip "Xatsuesa" {freeze, +Rage rN+}
   (You found it on level 6 of the Lair of Beasts)

   It has been specially enchanted to freeze those struck by it, causing extra
   injury to most foes and up to half again as much damage against particularly
   susceptible opponents.
   It can also slow down cold-blooded creatures.
   It protects you from negative energy.
   It lets you go berserk.
Armour
 g - the +2 helmet "Gojis" (worn) {MR+}
   (You took it off Robin on level 2 of the Dungeon)

   It affects your resistance to hostile enchantments.
 r - a +0 pair of gloves (worn)
 E - a +2 shield (worn)
 I - the +9 chain mail "Hisacvuop" (worn) {+Fly rC+ Int-5 Dex+3}
   (You found it on level 3 of the Shoals)

   It affects your intelligence (-5).
   It affects your dexterity (+3).
   It protects you from cold.
   It lets you fly.
 U - a +0 cloak
Jewellery
 i - a +2 ring of slaying (left hand)
 j - a +4 ring of slaying (right hand)
 q - an uncursed ring of protection from fire
 w - a +2 amulet of reflection (around neck)
 T - an uncursed ring of protection from cold
 Y - an uncursed ring of see invisible
Wands
 b - a wand of iceblast (62)
 l - a wand of scattershot (9)
 s - a wand of digging (9)
 x - a wand of disintegration (6)
 D - a wand of paralysis (5)
Scrolls
 f - a scroll of blinking
 h - a scroll of identify
 k - 2 scrolls of torment
 n - a scroll of fog
 o - 4 scrolls of magic mapping
 p - 11 scrolls of remove curse
 t - 7 scrolls of immolation
 u - a scroll of enchant weapon
 v - 11 scrolls of teleportation
 y - 7 scrolls of fear
 L - 8 scrolls of enchant armour
 N - a scroll of summoning
 P - 2 scrolls of amnesia
 R - a scroll of silence
 V - 2 scrolls of holy word
 Z - a scroll of vulnerability
Potions
 a - 4 potions of mutation
 d - 3 potions of magic
 e - 2 potions of haste
 m - 3 potions of might
 z - 5 potions of lignification
 A - 13 potions of curing
 B - 8 potions of flight
 F - 4 potions of cancellation
 H - a potion of ambrosia
 J - 4 potions of agility
 K - 2 potions of invisibility
 O - 3 potions of berserk rage
 S - 2 potions of heal wounds
Comestibles
 c - 56 rations
 W - 9 chunks of flesh


   Skills:
 * Level 20.2(19.0) Fighting
 - Level 20.0(18.7) Maces & Flails
 + Level 12.8(11.8) Armour
 + Level 12.7(11.7) Dodging
 - Level 15.0(13.8) Shields
 - Level 10.0(9.0) Necromancy
 - Level 11.2(10.2) Invocations


You had 20 spell levels left.
You knew the following spells:

 Your Spells              Type           Power        Failure   Level  Hunger
a - Animate Skeleton      Necr           N/A          10%         1    ##.....

Your spell library contained the following spells:

 Spells                   Type           Power        Failure   Level  Hunger
 Corpse Rot               Necr           N/A          14%         2    ###....
 Apportation              Tloc           #.....       98%         1    ##.....
 Confusing Touch          Hex            #.....       98%         1    ##.....
 Corona                   Hex            #......      98%         1    ##.....
 Flame Tongue             Conj/Fire      #....        98%         1    ##.....
 Freeze                   Ice            #...         98%         1    ##.....
 Magic Dart               Conj           #...         98%         1    ##.....
 Sting                    Conj/Pois      #...         98%         1    ##.....
 Summon Small Mammal      Summ           #...         98%         1    ##.....
 Blink                    Tloc           N/A          99%         2    ###....
 Call Imp                 Summ           #.......     99%         2    ###....
 Ensorcelled Hibernation  Hex/Ice        #.....       99%         2    ###....
 Passwall                 Tmut/Erth      #.......     99%         2    ###....
 Poisonous Vapours        Pois/Air       #.....       99%         2    ###....
 Slow                     Hex            #.......     99%         2    ###....
 Confuse                  Hex            #.......     100%        3    ####...
 Conjure Flame            Conj/Fire      #.......     100%        3    ####...
 Dazzling Spray           Conj/Hex       #.....       100%        3    ####...
 Mephitic Cloud           Conj/Pois/Air  #.......     100%        3    ####...
 Tukima's Dance           Hex            #.......     100%        3    ####...
 Cause Fear               Hex            #.........   100%        4    #####..
 Force Lance              Conj/Tloc      #.......     100%        4    #####..
 Fulminant Prism          Conj/Hex       #.........   100%        4    #####..
 Ice Form                 Ice/Tmut       #.......     100%        4    #####..
 Leda's Liquefaction      Hex/Erth       #.........   100%        4    #####..
 Olgreb's Toxic Radiance  Pois           #.......     100%        4    #####..
 Passage of Golubria      Tloc           N/A          100%        4    #####..
 Summon Lightning Spire   Summ/Air       #.......     100%        4    #####..
 Throw Icicle             Conj/Ice       #.......     100%        4    #####..
 Aura of Abjuration       Summ           #.........   100%        5    ######.
 Bolt of Magma            Conj/Fire/Erth #.........   100%        5    ######.
 Borgnjor's Vile Clutch   Necr/Erth      #.........   100%        5    ######.
 Iskenderun's Battlesphe  Conj/Chrm      #.......     100%        5    ######.
 Metabolic Englaciation   Hex/Ice        #.........   100%        5    ######.
 Silence                  Hex/Air        #.........   100%        5    ######.
 Summon Mana Viper        Hex/Summ       #.......     100%        5    ######.
 Venom Bolt               Conj/Pois      #.........   100%        5    ######.
 Yara's Violent Unravell  Hex/Tmut       #.........   100%        5    ######.
 Conjure Ball Lightning   Conj/Air       #.........   100%        6    #######
 Death Channel            Necr           ###.......   100%        6    #######
 Deflect Missiles         Chrm/Air       #.........   100%        6    #######
 Freezing Cloud           Conj/Ice/Air   #.........   100%        6    #######
 Iron Shot                Conj/Erth      #.........   100%        6    #######
 Simulacrum               Ice/Necr       #.........   100%        6    #######
 Statue Form              Tmut/Erth      #........    100%        6    #######
 Ring of Flames           Chrm/Fire      #.........   100%        7    #######
 Discord                  Hex            #.........   100%        8    #######
 Shatter                  Erth           #.........   100%        9    #######
 Tornado                  Air            #.........   100%        9    #######


Dungeon Overview and Level Annotations

Branches:
Dungeon (15/15)            Temple (0/1) D:7            Lair (6/6) D:8
 Shoals (4/4) Lair:2        Snake (4/4) Lair:3        Slime (0/5) Lair:6
    Orc (2/2) D:9             Elf (3/3) Orc:2        Vaults (4/5) D:14
  Crypt (0/3) Vaults:3     Depths (0/5) D:15          IceCv (visited)
Desolation (visited)

Altars:
Ashenzari
Elyvilon
Fedhas
Hepliaklqana
Kikubaaqudgha
Okawaru
Qazlal
Ru
Sif Muna
Uskayaw
Vehumet
Wu Jian
Xom
Yredelemnul
Zin
The Shining One
Beogh
Jiyva

Shops:
D:5 [   Orc:2 (?:*=   Elf:3 [   Shoals:1 *   Shoals:2 (   Snake:1 *=
Vaults:1 *   Vaults:4 ?**=}

Annotations:
Lair:6 3 runed translucent doors, mopl's ghost, journeyman MiBe
Abyss:1 Boris


Innate Abilities, Weirdness & Mutations

You have hooves in place of feet.
You are completely covered in molten scales. (AC +4, rF+)
A demonic guardian rushes to your aid.
Your flesh is heat resistant. (rF+)
When hurt, damage is shared between your health and your magic reserves.
You regenerate magic rapidly.
When low on magic, you restore magic in place of health.
You have very sharp teeth.
You passively map a small area around you.


Message History

The deep elf sorcerer seems to speed up.
You hear a shout! x3
A large abomination and a crawling corpse come into view.
Blink to where?
Press: ? - help, Dir - move target cursor You are very lightly contaminated with residual magic.
As you read the scroll of blinking, it crumbles to dust.
The deep elf sorcerer points at you and mumbles some strange words.
The bolt of acid hits you!
* * * LOW HITPOINT WARNING * * *
The acid corrodes you!
You are splashed with acid!
* * * LOW HITPOINT WARNING * * *
The deep elf sorcerer mumbles some strange words.
The deep elf sorcerer shimmers violently.
The large abomination moves out of view.
The crawling corpse moves out of view.
You feel much better.
The deep elf death mage points at you and mumbles some strange words.
The bolt of negative energy hits you!!
You feel drained.
You die...

,#......)......# ,
## #.............##
, #.
#...............##
* ##
#.......###.......#
* # #......##
##......# # #.....#
##)....# # #.....
#.....# * ' # ...
##(4...# * # ..#
##.@....# #
,,...###..(....# ,
* # , ,
.....*..(...## ,
,,,, * # *
......[(...## ## ,
....e.e[([.# * ,, *
#. .......(e..# , *
#. ** .......((###*
,,#. '#######§#e ,
* #. #)))ee.... *
#.


You could see a deep elf death mage, 2 deep elf sorcerers, a lost soul and a
friendly ice devil.

Vanquished Creatures
  Mara (Vaults:2)
  Saint Roka (Snake:3)
  Vashnia (Snake:3)
  Nikola (Elf:3)
  A bone dragon (Abyss:3)
  Jorgrun (Shoals:1)
  A deep elf blademaster (Elf:3)
  2 deep elf master archers (Elf:3)
  Gastronok (Lair:2)
  2 sphinxes
  4 tentacled starspawn (Abyss:3)
  Agnes (Elf:2)
  Ilsuiw (Shoals:4)
  5 nagarajas
  Kirke (D:15)
  A fire giant (Vaults:3)
  Donald (Snake:4)
  6 deep elf sorcerers (Elf:3)
  An imperial myrmidon (Desolation)
  3 frost giants
  7 vault wardens
  A cacodemon (Abyss:3)
  5 ironheart preservers
  2 very ugly things
  4 deep elf elementalists (Elf:3)
  A war gargoyle (Vaults:2)
  7 stone giants
  Nessos (D:15)
  5 deep elf demonologists
  6 dire elephants (Lair:6)
  2 halazid warlocks (Desolation)
  Azrael (Elf:1)
  4 deep elf annihilators
  A crystal guardian (Desolation)
  3 merfolk javelineers
  5 ettins
  Josephine (Lair:6)
  A quicksilver dragon zombie (Abyss:3)
  A deep elf death mage (Vaults:2)
  4 fire dragons
  5 deep elf high priests
  8 merfolk impalers (Shoals:4)
  11 yaktaur captains
  3 great orbs of eyes
  20 naga warriors
  Fannar (Orc:1)
  3 ragged hierophants (Desolation)
  9 servants of whispers (Desolation)
  5 vault guards
  An ice dragon (Lair:4)
  4 peacekeepers (Desolation)
  3 rakshasas
  5 centaur warriors
  4 hydras
  3 merfolk avatars
  10 anacondas
  An alligator (Shoals:2)
  10 dancing weapons
  10 merfolk aquamancers
  2 alligator snapping turtles
  A death knight (Vaults:2)
  12 death yaks
  18 two-headed ogres
  4 satyrs
  A tengu warrior (D:15)
  The ghost of Ceqiddiy the Fencer, a novice MiMo of Dithmenos (D:9)
  7 ogre magi
  5 orc high priests
  5 thrashing horrors (Abyss:3)
  The ghost of Fiuqy the Cruncher, a novice DrTm of Kikubaaqudgha (D:9)
  7 hell hogs (Abyss:3)
  Sonja (D:12)
  8 deep elf knights
  18 naga sharpshooters
  11 shock serpents
  2 shadow wraiths
  A sixfirhy (Abyss:3)
  A skeletal warrior (Vaults:2)
  A salamander mystic (Snake:3)
  A wretched star (Abyss:3)
  Nergalle (D:12)
  An unseen horror (D:15)
  A flayed ghost (Vaults:2)
  A deep troll (shapeshifter) (Vaults:2)
  A ghost moth zombie (Abyss:3)
  5 deep trolls
  12 sea snakes
  5 wizards
  2 phantasmal warriors (D:15)
  3 glowing orange brains
  9 naga ritualists
  13 deep elf archers
  A kraken simulacrum (Shoals:4)
  23 orc knights
  Pikel (D:7)
  A swamp dragon (shapeshifter) (Vaults:1)
  2 necromancers
  5 mana vipers
  10 ironbrand convokers
  48 deep elf magi
  A mana viper (shapeshifter) (Vaults:2)
  2 orc sorcerers
  30 harpies
  8 cyclopes
  9 salamanders
  19 fauns
  A shadow dragon skeleton (Abyss:3)
  A salamander (shapeshifter) (D:14)
  4 wolf spiders
  13 manticores
  3 guardian serpents
  3 centaur zombies
  22 ugly things
  6 merfolk sirens
  Joseph (Lair:1)
  30 black mambas
  3 apocalypse crabs (Abyss:3)
  3 water nymphs
  18 elephants
  13 vault sentinels
  A gargoyle (D:10)
  An orange demon (Abyss:3)
  23 naga magi
  A smoke demon (Abyss:3)
  A rime drake (IceCv)
  A spiny frog (shapeshifter) (Vaults:1)
  4 spiny frogs
  2 kobold demonologists (D:15)
  48 yaktaurs
  A redback zombie (D:13)
  4 efreet
  A hellion (Abyss:3)
  7 komodo dragons
  9 freezing wraiths
  2 ice devils (D:14)
  2 tengu conjurers (D:15)
  A troll (shapeshifter) (Vaults:4)
  5 trolls
  27 merfolk
  2 ancient zymes (Abyss:3)
  18 polar bears
  Prince Ribbit (D:8)
  A meliai (D:15)
  4 wind drakes
  A raiju (shapeshifter) (D:13)
  10 large abominations (Abyss:3)
  44 saltlings (Desolation)
  3 hornets
  A dream sheep (shapeshifter) (Vaults:2)
  7 raiju (Abyss:3)
  3 slime creatures
  25 blink frogs
  6 snapping turtles
  15 hippogriffs
  5 dream sheep
  A frost giant simulacrum (Vaults:2)
  2 air elementals
  5 flying skulls (Abyss:3)
  4 wyverns
  3 shadows
  18 water elementals
  A vampire (Abyss:3)
  19 humans (D:14)
  3 ynoxinuls (Abyss:3)
  A hog (D:15)
  3 fire elementals (Elf:1)
  5 wraiths
  A golden eye (Abyss:3)
  5 steam dragons
  2 hungry ghosts
  4 chaos spawn (Abyss:3)
  39 yaks
  A basilisk (Lair:3)
  A human (shapeshifter) (Vaults:1)
  2 vampire mosquitoes (D:15)
  4 neqoxecs (Abyss:3)
  A human simulacrum (Vaults:3)
  6 wargs
  57 nagas
  4 spatial vortices (Abyss:3)
  3 acid dragons
  7 hell hounds
  31 water moccasins
  2 floating eyes (D:15)
  4 ice beasts
  9 porcupines
  50 orc warriors
  4 phantoms
  3 sky beasts
  A black bear (D:9)
  27 ogres
  10 boggarts
  3 eyes of draining
  16 small abominations (Abyss:3)
  17 wolves
  10 centaurs
  5 big kobolds
  10 crocodiles
  19 bullfrogs
  An earth elemental (Elf:1)
  4 scorpions
  A water moccasin skeleton (D:9)
  9 wights
  13 howler monkeys
  2 electric eels
  4 bullfrog zombies
  11 crimson imps
  2 quasits (Abyss:3)
  13 starcursed masses (Abyss:3)
  An iron imp (Abyss:3)
  31 orc priests
  A gnoll shaman (D:4)
  8 hounds
  4 jellies
  20 orc wizards
  4 bullfrog skeletons
  9 centaur skeletons
  Ijyb (D:5)
  5 iguanas
  8 worker ants
  2 hound skeletons
  A howler monkey zombie (D:9)
  Robin (D:2)
  22 gnolls
  19 adders
  4 shadow imps
  A white imp (Abyss:3)
  An ooze (D:5)
  2 adder skeletons
  2 worms
  A dart slug (D:1)
  3 leopard geckos
  117 orcs
  3 ball pythons
  7 giant cockroaches
  10 goblins
  10 hobgoblins
  7 jackals
  12 kobolds
  3 quokkas
  5 bats
  4 frilled lizards
  2 jackal skeletons
  2 leopard gecko zombies (D:5)
  6 rats
  3 plants (Lair:6)
  4 starspawn tentacles (Abyss:3)
1773 creatures vanquished.

Vanquished Creatures (collateral kills)
  2 nagarajas (Snake:4)
  Roxanne (Shoals:2)
  A frost giant (Vaults:4)
  A vault warden (Vaults:4)
  2 deep elf sorcerers (Elf:3)
  An ironheart preserver (Vaults:1)
  A deep elf elementalist (Elf:3)
  A deep elf demonologist (Elf:3)
  A deep elf annihilator (Elf:3)
  A merfolk javelineer (Shoals:4)
  A merfolk impaler (Shoals:4)
  A great orb of eyes (Vaults:3)
  3 naga warriors (Snake:4)
  A merfolk avatar (Shoals:4)
  A centaur warrior (D:15)
  A merfolk aquamancer (Shoals:3)
  2 satyrs (Shoals:4)
  An ogre mage (Vaults:1)
  A two-headed ogre (D:10)
  A death yak (Lair:6)
  An orc high priest (Orc:2)
  A deep elf knight (Elf:3)
  3 naga sharpshooters (Snake:4)
  A spatial maelstrom (Abyss:3)
  A deep elf archer (Elf:3)
  6 harpies
  4 deep elf magi
  A mana viper (Abyss:3)
  An ugly thing (D:15)
  5 fauns
  2 elephants
  A salamander (Snake:2)
  2 manticores
  A water nymph (Shoals:3)
  A merfolk siren (Lair:2)
  A black mamba (Snake:2)
  2 guardian serpents
  10 naga magi
  An ice statue (IceCv)
  A spiny frog (Lair:4)
  6 yaktaurs
  A freezing wraith (Vaults:2)
  3 saltlings (Desolation)
  3 blink frogs
  3 hippogriffs
  A dream sheep (D:12)
  A snapping turtle (Shoals:3)
  A wraith (Lair:6)
  A wyvern (D:8)
  A human (D:14)
  A water elemental (Shoals:4)
  A warg (Orc:1)
  A spatial vortex (Abyss:3)
  4 nagas
  A water moccasin (Lair:3)
  An orc warrior (Snake:3)
  A sky beast (D:5)
  A black bear (D:7)
  An ogre (D:4)
  A boggart (Vaults:3)
  3 wolves
  A bullfrog (D:8)
  An orc priest (Orc:2)
  An orc wizard (D:5)
  An iron imp (Abyss:3)
  3 gnolls
  An adder (Lair:3)
  A shadow imp (D:5)
  A white imp (Abyss:3)
  A dart slug (D:5)
  9 orcs
  A ball python (Lair:3)
  A kobold (D:9)
  A quokka (D:5)
  A plant (Shoals:3)
132 creatures vanquished.

Vanquished Creatures (others)
  A deep elf master archer (Elf:3)
  A tentacled starspawn (Abyss:3)
  A starcursed mass (Abyss:3)
  A servant of whispers (Desolation)
  2 peacekeepers (Desolation)
  A deep elf knight (Elf:3)
  A spatial maelstrom (Abyss:3)
  A shadow wraith (Vaults:2)
  An ironbrand convoker (Desolation)
  A deep elf mage (Elf:1)
  A guardian serpent (Desolation)
  A black mamba (Lair:3)
  A large abomination (Abyss:3)
  7 saltlings (Desolation)
  A wraith (Abyss:3)
  A human (D:15)
  A fire elemental (Elf:3)
  A naga (Snake:4)
  An orc warrior (Vaults:1)
  A wolf (IceCv)
  A boggart (Vaults:1)
  A jelly (Abyss:3)
  2 orcs (Vaults:2)
  7 fungi
  3 lurking horrors (Abyss:3)
  34 plants
  7 starspawn tentacles (Abyss:3)
  7 tentacles (Shoals:4)
  4 withered plants (D:9)
93 creatures vanquished.

Grand Total: 1998 creatures vanquished

Notes
Turn   | Place    | Note
-------+----------+-------------------------------------------
     0 | Abyss:1  | theswoord the Demonspawn Abyssal Knight began the quest for
                  | the Orb.
     0 | Abyss:1  | Reached XP level 1. HP: 18/18 MP: 2/2
    31 | Abyss:1  | Noticed an ancient zyme
    31 | Abyss:1  | Noticed a bone dragon
    32 | D:1      | Escaped the Abyss
   196 | D:1      | Reached * piety under Lugonu
   241 | D:1      | Gained mutation: When hurt, damage is shared between your
                  | health and your magic reserves. [demonic ancestry]
   241 | D:1      | Reached XP level 2. HP: 18/24 MP: 3/3
   897 | D:2      | Gained mutation: You have large cloven feet. [demonic
                  | ancestry]
   897 | D:2      | Reached XP level 3. HP: 26/29 MP: 4/4
   955 | D:2      | Identified the +2 helmet "Gojis" {MR+}
   955 | D:2      | Noticed Robin
   970 | D:2      | Killed Robin
  1127 | D:2      | Found a glowing golden altar of the Shining One.
  1432 | D:3      | Reached ** piety under Lugonu
  1435 | D:3      | Reached XP level 4. HP: 24/35 MP: 5/5
  1670 | D:3      | Gained mutation: You are partially covered in molten
                  | scales. (AC +2) [demonic ancestry]
  1670 | D:3      | Reached XP level 5. HP: 41/41 MP: 6/6
  1854 | D:3      | Reached skill level 5 in Maces & Flails
  2310 | D:3      | Found a hide-covered altar of Uskayaw.
  2312 | D:3      | Found a glowing silver altar of Zin.
  2312 | D:3      | Found a hazy altar of Hepliaklqana.
  2314 | D:3      | Found a shattered altar of Ashenzari.
  2314 | D:3      | Found a glowing silver altar of Zin.
  2314 | D:3      | Found a shimmering altar of Xom.
  2634 | D:4      | Noticed an ogre
  2665 | D:4      | Gained mutation: A weak demonic guardian rushes to your
                  | aid. [demonic ancestry]
  2665 | D:4      | Reached XP level 6. HP: 44/47 MP: 7/7
  2877 | D:4      | Gained mutation: You are mostly covered in molten scales.
                  | (AC +3) [demonic ancestry]
  2877 | D:4      | Reached XP level 7. HP: 23/52 MP: 8/8
  2902 | D:4      | Reached *** piety under Lugonu
  3074 | D:4      | Found a blossoming altar of Fedhas.
  3076 | D:4      | Found an ornate altar of the Wu Jian Council.
  3076 | D:4      | Found a stormy altar of Qazlal.
  3310 | D:4      | Found a shimmering blue altar of Sif Muna.
  3499 | D:5      | Entered Level 5 of the Dungeon
  3505 | D:5      | Found Puisec's Antique Armour Shop.
  4142 | D:5      | Noticed Ijyb
  4169 | D:5      | Killed Ijyb
  4439 | D:5      | Reached XP level 8. HP: 56/58 MP: 9/9
  4508 | D:5      | Found an ancient bone altar of Kikubaaqudgha.
  4758 | D:6      | Reached **** piety under Lugonu
  4936 | D:6      | Reached skill level 10 in Maces & Flails
  5354 | D:7      | Found a staircase to the Ecumenical Temple.
  5400 | D:7      | Noticed a hippogriff
  5411 | D:7      | Killed a hippogriff
  5422 | D:7      | Reached XP level 9. HP: 61/63 MP: 10/10
  5521 | D:7      | Noticed Pikel
  5532 | D:7      | Killed Pikel
  6062 | D:8      | Noticed Prince Ribbit
  6070 | D:8      | Killed Prince Ribbit
  6235 | D:8      | Reached ***** piety under Lugonu
  6271 | D:8      | Found a shattered altar of Ashenzari.
  6340 | D:8      | Found a hazy altar of Hepliaklqana.
  6422 | D:8      | Found a white marble altar of Elyvilon.
  6535 | D:8      | Found a staircase to the Lair.
  6727 | D:8      | Reached XP level 10. HP: 53/70 MP: 11/11
  7266 | Lair:1   | Entered Level 1 of the Lair of Beasts
  7887 | Lair:1   | Noticed Joseph
  7906 | Lair:1   | Killed Joseph
  9036 | Lair:2   | Reached skill level 5 in Invocations
  9276 | Lair:2   | Noticed Gastronok
  9291 | Lair:2   | Killed Gastronok
  9291 | Lair:2   | Reached skill level 5 in Fighting
  9291 | Lair:2   | Gained mutation: You have hoof-like feet. [demonic
                  | ancestry]
  9291 | Lair:2   | Reached XP level 11. HP: 59/79 MP: 17/17
  9486 | Lair:2   | Found a staircase to the Shoals.
 10491 | Lair:3   | Found a staircase to the Snake Pit.
 10838 | Lair:3   | Reached skill level 10 in Invocations
 10848 | Lair:3   | Noticed a death yak
 10848 | Lair:3   | Noticed a death yak
 10848 | Lair:3   | Noticed a death yak
 10918 | Lair:2   | Killed a death yak
 10923 | Lair:2   | Killed a death yak
 10943 | Lair:3   | Killed a death yak
 11103 | Lair:3   | Noticed a seven-headed hydra
 11119 | Lair:3   | Killed a seven-headed hydra
 11119 | Lair:3   | Reached XP level 12. HP: 35/96 MP: 14/20
 11560 | Lair:3   | Reached skill level 10 in Fighting
 11701 | Lair:3   | Found the +8 whip "Snakebite" {curare, rPois}
 12127 | Lair:4   | Reached skill level 1 in Dodging
 12138 | Lair:4   | Noticed a death yak
 12138 | Lair:4   | Noticed a death yak
 12148 | Lair:4   | Noticed a death yak
 12150 | Lair:4   | Noticed a death yak
 12163 | Lair:3   | Killed a death yak
 12212 | Lair:3   | Killed a death yak
 12222 | Lair:3   | Killed a death yak
 12661 | Lair:4   | Killed a death yak
 12661 | Lair:4   | Reached skill level 1 in Shields
 13140 | Lair:4   | Noticed an ice dragon
 13173 | Lair:4   | Killed an ice dragon
 13343 | Lair:4   | Reached skill level 5 in Shields
 13992 | Lair:5   | Noticed a six-headed hydra
 14004 | Lair:5   | Killed a six-headed hydra
 14140 | Lair:5   | Gained mutation: You are completely covered in molten
                  | scales. (AC +4, rF+) [demonic ancestry]
 14140 | Lair:5   | Reached XP level 13. HP: 82/104 MP: 21/21
 14257 | Lair:5   | Reached ****** piety under Lugonu
 14381 | Lair:6   | Entered Level 6 of the Lair of Beasts
 14381 | Lair:6   | Found a runed translucent gate.
 14381 | Lair:6   | Found a runed translucent gate.
 14573 | Lair:6   | Found a runed translucent gate.
 14573 | Lair:6   | Noticed a minotaur
 14581 | Lair:6   | Noticed mopl's ghost (journeyman MiBe)
 14768 | Lair:6   | Noticed Josephine
 14784 | Lair:6   | Killed Josephine
 14992 | Lair:6   | Got a twisted demon whip
 14994 | Lair:6   | Identified the +9 demon whip "Xatsuesa" {freeze, +Rage rN+}
                  | (You found it on level 6 of the Lair of Beasts)
 15028 | Lair:6   | Reached skill level 10 in Shields
 15367 | Lair:6   | Found a viscous altar of Jiyva.
 15368 | Lair:6   | Found a staircase to the Slime Pits.
 15767 | Lair:6   | Noticed a dire elephant
 15767 | Lair:6   | Noticed a dire elephant
 15777 | Lair:6   | Noticed a dire elephant
 15785 | Lair:6   | Killed a dire elephant
 15796 | Lair:6   | Noticed a dire elephant
 15967 | Lair:6   | Killed a dire elephant
 15972 | Lair:6   | Noticed a dire elephant
 15986 | Lair:6   | Killed a dire elephant
 16057 | Lair:6   | Noticed a dire elephant
 16074 | Lair:6   | Killed a dire elephant
 16156 | Lair:6   | Killed a dire elephant
 16175 | Lair:6   | Killed a dire elephant
 16550 | D:9      | Gained mutation: You have hooves in place of feet. [demonic
                  | ancestry]
 16550 | D:9      | Reached XP level 14. HP: 108/111 MP: 22/22
 16636 | D:9      | Found a runed translucent gate.
 16638 | D:9      | Noticed Ceqiddiy's ghost (novice MiMo)
 16671 | D:9      | Found a sacrificial altar of Ru.
 16709 | D:9      | Found a staircase to the Orcish Mines.
 16913 | D:9      | Noticed Fiuqy's ghost (novice DrTm)
 16914 | D:9      | Found a runed translucent gate.
 16915 | D:9      | Found a runed translucent gate.
 17041 | D:9      | Killed Ceqiddiy's ghost
 17071 | D:9      | Killed Fiuqy's ghost
 17124 | Orc:1    | Entered Level 1 of the Orcish Mines
 17222 | Orc:1    | Noticed Fannar
 17241 | Orc:1    | Killed Fannar
 17416 | Orc:2    | Entered Level 2 of the Orcish Mines
 17477 | Orc:2    | Found a staircase to the Elven Halls.
 17515 | Orc:2    | Found Sucwiq's Jewellery Emporium.
 17526 | Orc:2    | Found a roughly hewn altar of Beogh.
 17659 | Orc:2    | Found a roughly hewn altar of Beogh.
 18328 | Orc:2    | Found Iruzie's General Store.
 18331 | Orc:2    | Found Xeizem's Weapon Boutique.
 18332 | Orc:2    | Found Enwaot's Book Boutique.
 18333 | Orc:2    | Found Ivomyig's Magic Scroll Shop.
 18340 | Orc:2    | Bought a scroll of identify for 26 gold pieces
 18345 | Orc:2    | Bought a scroll of identify for 26 gold pieces
 18345 | Orc:2    | Bought a scroll of teleportation for 39 gold pieces
 18345 | Orc:2    | Bought a scroll of identify for 26 gold pieces
 18345 | Orc:2    | Bought a scroll of identify for 26 gold pieces
 18345 | Orc:2    | Bought a scroll of identify for 26 gold pieces
 18345 | Orc:2    | Bought a scroll of teleportation for 39 gold pieces
 18661 | D:10     | Entered Level 10 of the Dungeon
 18860 | D:10     | Identified the Catalogue of the Doomed Frostbite
 19836 | D:12     | Noticed Nergalle
 19853 | D:12     | Killed Nergalle
 19993 | D:12     | Noticed Sonja
 19997 | D:12     | Killed Sonja
 20028 | D:12     | Reached skill level 15 in Shields
 20105 | D:12     | Identified a scroll of acquirement
 20108 | D:12     | Got a pitted plate armour
 20119 | D:12     | Identified the +4 plate armour "Rauqewid" {rN++ Dex+3} (You
                  | acquired it on level 12 of the Dungeon)
 20663 | D:13     | Reached XP level 15. HP: 101/118 MP: 23/23
 21061 | D:13     | Found a sacrificial altar of Ru.
 21581 | D:14     | Found a gate to the Vaults.
 21670 | D:14     | Found a frozen archway.
 21696 | IceCv    | Entered an ice cave
 22195 | IceCv    | Reached skill level 5 in Armour
 22263 | IceCv    | Noticed a frost giant
 22283 | IceCv    | Killed a frost giant
 22854 | D:14     | Identified the ring "Niwk" {*Tele Int+2}
 22897 | D:14     | Reached skill level 5 in Dodging
 23212 | D:15     | Entered Level 15 of the Dungeon
 23301 | D:15     | Found an iron altar of Okawaru.
 23335 | D:15     | Noticed Nessos
 23354 | D:15     | Killed Nessos
 23388 | D:15     | Got a bound iron ring
 23410 | D:15     | Identified the ring of Qanoss {*Tele rN+ Str+3} (You found
                  | it on level 15 of the Dungeon)
 23518 | D:15     | Found a glowing silver altar of Zin.
 23571 | D:15     | Got a vibrating granite ring
 23572 | D:15     | Identified the ring "Ocvom" {rPois MR++ Dex+4} (You found
                  | it on level 15 of the Dungeon)
 23595 | D:15     | Paralysed by a floating eye for 3 turns
 23640 | D:15     | Noticed a sphinx
 23652 | D:15     | Killed a sphinx
 23704 | D:15     | Noticed a frost giant
 23708 | D:15     | Found a staircase to the Depths.
 23717 | D:15     | Killed a frost giant
 23717 | D:15     | Gained mutation: You regenerate magic rapidly. [demonic
                  | ancestry]
 23717 | D:15     | Reached XP level 16. HP: 98/131 MP: 24/24
 23805 | D:15     | Got a brightly glowing turquoise ring
 23806 | D:15     | Identified the ring of Due Proportion {-Tele +Inv rC+
                  | rCorr} (You found it on level 15 of the Dungeon)
 24089 | D:15     | Found an ancient bone altar of Kikubaaqudgha.
 24425 | D:15     | Noticed Kirke
 24439 | D:15     | Killed Kirke
 24765 | Snake:1  | Entered Level 1 of the Snake Pit
 25276 | Snake:1  | Found Leatyam's Jewellery Boutique.
 25276 | Snake:1  | Found Asitzofuan's Assorted Antiques.
 25822 | Snake:1  | Found a runed translucent door.
 26302 | Snake:1  | Reached skill level 15 in Fighting
 27457 | Snake:2  | Gained mutation: A demonic guardian rushes to your aid.
                  | [demonic ancestry]
 27457 | Snake:2  | Reached XP level 17. HP: 142/142 MP: 25/25
 28851 | Snake:3  | Noticed Saint Roka
 28898 | Snake:3  | Killed Saint Roka
 29070 | Snake:3  | Noticed Vashnia
 29105 | Snake:3  | Killed Vashnia
 29700 | Snake:4  | Entered Level 4 of the Snake Pit
 30877 | Snake:3  | Reached skill level 10 in Armour
 30936 | Snake:4  | Noticed Donald
 30955 | Snake:4  | Killed Donald
 31044 | Snake:4  | Reached skill level 10 in Dodging
 31355 | Snake:4  | Reached XP level 18. HP: 137/154 MP: 26/26
 31618 | Snake:4  | Got a serpentine rune of Zot
 32056 | Shoals:1 | Entered Level 1 of the Shoals
 32213 | Shoals:1 | Noticed Jorgrun
 32225 | Shoals:1 | Killed Jorgrun
 32323 | Shoals:1 | Found Gorchik's General Store.
 33232 | Shoals:1 | Bought the +7 sceptre of Torment {pain, torment} for 2280
                  | gold pieces
 33232 | Shoals:1 | Found the +7 sceptre of Torment {pain, torment}
 33663 | Shoals:1 | Learned a level 1 spell: Animate Skeleton
 33736 | Shoals:2 | Reached skill level 1 in Necromancy
 33935 | Shoals:2 | Noticed Roxanne
 33953 | Shoals:2 | Killed Roxanne
 34076 | Shoals:2 | Found Iboxased's Antique Weapon Shop.
 34847 | Shoals:3 | Got a warped chain mail
 34849 | Shoals:3 | Identified the +9 chain mail "Hisacvuop" {+Fly rC+ Int-5
                  | Dex+3} (You found it on level 3 of the Shoals)
 34966 | Shoals:3 | Reached skill level 15 in Maces & Flails
 35583 | Shoals:4 | Entered Level 4 of the Shoals
 35799 | Shoals:4 | Reached skill level 5 in Necromancy
 36013 | Shoals:4 | Gained mutation: Your flesh is heat resistant. (rF+)
                  | [demonic ancestry]
 36013 | Shoals:4 | Reached XP level 19. HP: 155/163 MP: 27/27
 36300 | Shoals:4 | Got a barnacled rune of Zot
 36799 | Shoals:4 | Found a radiant altar of Vehumet.
 36920 | Shoals:4 | Noticed Ilsuiw
 37318 | Shoals:4 | Killed Ilsuiw
 37755 | Vaults:1 | Entered Level 1 of the Vaults
 38339 | Vaults:1 | Found Luz Waat's General Store.
 38347 | Vaults:1 | Bought a potion of haste for 210 gold pieces
 38347 | Vaults:1 | Bought a scroll of identify for 42 gold pieces
 38347 | Vaults:1 | Bought a scroll of identify for 42 gold pieces
 39111 | Vaults:2 | Reached XP level 20. HP: 144/170 MP: 28/28
 39210 | Vaults:2 | Reached skill level 10 in Necromancy
 39355 | Vaults:2 | Noticed Mara
 39360 | Vaults:2 | Noticed theswoord's illusion
 39934 | Vaults:2 | Noticed theswoord's illusion
 39997 | Vaults:2 | Killed Mara
 40170 | Vaults:2 | Identified a +9 demon whip of distortion (a +9 demon whip
                  | of venom corrupted by Lugonu)
 40170 | Vaults:2 | Received a gift from Lugonu
 41526 | Vaults:3 | Found a basalt altar of Yredelemnul.
 41529 | Vaults:3 | Found a staircase to the Crypt.
 41530 | Vaults:3 | Found an ancient bone altar of Kikubaaqudgha.
 41877 | Vaults:4 | Found Totuisous's Jewellery Shop.
 41932 | Vaults:4 | Found Uzod's Gadget Shoppe.
 41954 | Vaults:4 | Found the +9 heavy crossbow "Sniper" {velocity, Acc+∞ SInv}
 42327 | Vaults:4 | Got a steaming mace
 42330 | Vaults:4 | Identified the cursed +1 mace "Boaz" {vamp, MR- MP+9
                  | Stlth+} (You found it on level 4 of the Vaults)
 42484 | Vaults:4 | Noticed Boris
 42496 | Vaults:4 | Found Voloyz's Magic Scroll Shop.
 42677 | Vaults:4 | Found Keil's General Store.
 42764 | Vaults:4 | Found Riejuin's General Store.
 42857 | Vaults:4 | Banished Boris
 43416 | Elf:1    | Entered Level 1 of the Elven Halls
 43457 | Elf:1    | Noticed Azrael
 43471 | Elf:1    | Killed Azrael
 43478 | Elf:1    | Reached XP level 21. HP: 123/176 MP: 25/29
 43684 | Elf:1    | Found a ruined gateway.
 43691 | Desolati | Entered the Desolation of Salt
 43928 | Desolati | Identified Sif Muna's Guide on Dusty Cold
 43931 | Desolati | Identified Ogock's Compendium of the Undertaker
 43961 | Desolati | Got a brightly glowing pewter ring
 43981 | Desolati | Identified the ring of Pilidd {rN+ rCorr} (You found it in
                  | the Desolation of Salt)
 44047 | Desolati | Got a warped lapis lazuli ring
 44048 | Desolati | Identified the cursed ring of Juubib {rF+ rN++ MR- Str-5}
                  | (You found it in the Desolation of Salt)
 44051 | Desolati | Got a faintly glowing marble ring
 44053 | Desolati | Identified the ring of Mabrow {Fire rPois Dex+7 Slay-4}
                  | (You found it in the Desolation of Salt)
 44203 | Desolati | Identified the Catalogue of Helpful Hexes
 44205 | Desolati | Identified Sif Muna's Guide on Enthralling Contamination
 44246 | Desolati | Got a transparent pewter ring
 44274 | Desolati | Identified the ring "Suiduito" {+Inv Str+5} (You found it
                  | in the Desolation of Salt)
 44941 | Elf:1    | Identified the Incunabulum of Supportive Attacks
 45378 | Elf:2    | Noticed Agnes
 45389 | Elf:2    | Killed Agnes
 46337 | Vaults:4 | Bought a +4 ring of slaying for 1404 gold pieces
 46580 | Orc:2    | Bought a +2 amulet of reflection for 127 gold pieces
 46665 | Elf:3    | Entered Level 3 of the Elven Halls
 46699 | Elf:3    | Found Xuopuat's Antique Armour Emporium.
 46929 | Elf:3    | Noticed Nikola
 46939 | Elf:3    | Killed Nikola
 47163 | Elf:3    | Cast into level 3 of the Abyss (a deep elf sorcerer)
 47249 | Abyss:3  | Gained mutation: You are frail. (-10% HP) [a neqoxec]
 47298 | Abyss:3  | Gained mutation: You occasionally shout uncontrollably at
                  | your foes. [a cacodemon]
 47386 | Abyss:3  | Gained mutation: When low on magic, you restore magic in
                  | place of health. [demonic ancestry]
 47386 | Abyss:3  | Reached XP level 22. HP: 114/169 MP: 27/30
 47533 | Abyss:3  | Got a translucent mace
 47540 | Abyss:3  | Identified the +6 mace of Incongruity {flame, rPois Str+4
                  | Dex-5} (You found it on level 3 of the Abyss)
 47649 | Abyss:3  | Lost mutation: You are frail. (-10% HP) [potion of
                  | mutation]
 47649 | Abyss:3  | Lost mutation: You occasionally shout uncontrollably at
                  | your foes. [potion of mutation]
 47649 | Abyss:3  | Gained mutation: You passively map a small area around you.
                  | [potion of mutation]
 47649 | Abyss:3  | Gained mutation: You have very sharp teeth. [potion of
                  | mutation]
 47870 | Abyss:3  | Found a basalt altar of Yredelemnul.
 47924 | Abyss:3  | Found a basalt altar of Yredelemnul.
 48122 | Abyss:3  | Found a corrupted altar of Lugonu.
 48129 | Abyss:3  | Found a corrupted altar of Lugonu.
 48877 | Elf:3    | Escaped the Abyss
 49329 | Elf:3    | Identified the +6 scimitar of Lubufim {drain, MP+9 Str+2
                  | Int+2 Dex-5}
 49654 | Elf:3    | Identified the +7 dagger of Bigg {freeze, rN++ Str+4 Int-3}
 49711 | Elf:3    | Identified the +6 flail of Zin's Envy {flame, rElec}
 49726 | Elf:3    | HP: 9/190 [deep elf sorcerer/bolt of acid (11)]
 49726 | Elf:3    | HP: 2/190 [acid (7)]
 49727 | Elf:3    | Killed from afar by a deep elf death mage

Skill      XL: |  1  2  3  4  5  6  7  8  9 10 11 12 13 14 15 16 17 18 19 20 21 22 |
---------------+-------------------------------------------------------------------+-----
Maces & Flails | 2 3 4 5 7 8 10 12 14 15 17 20 | 20.0
Invocations    | 8 10 11 | 11.2
Fighting       | 5 9 10 11 13 15 17 19 20 | 20.2
Dodging        | 2 6 8 10 12 | 12.7
Armour         | 2 3 6 8 10 12 | 12.8
Shields        | 7 12 15 | 15.0
Necromancy     | 5 9 10 | 10.0

Action                   |  1- 3 |  4- 6 |  7- 9 | 10-12 | 13-15 | 16-18 | 19-21 | 22-24 || total
-------------------------+-------+-------+-------+-------+-------+-------+-------+-------++-------
Melee: Mace              |    98 |   143 |    75 |       |       |       |       |       ||   316
       Kick              |     8 |    26 |   120 |   210 |   833 |   826 |   725 |   162 ||  2910
       Whip              |       |       |   129 |   224 |  1827 |   617 |       |       ||  2797
       Dire flail        |       |       |   249 |   501 |       |       |       |       ||   750
       Demon whip        |       |       |       |       |   346 |   999 |   408 |   339 ||  2092
       Eveningstar       |       |       |       |       |       |   406 |  1360 |    55 ||  1821
       Bite              |       |       |       |       |       |       |       |    54 ||    54
Throw: Dart              |       |       |       |    10 |     1 |    13 |       |       ||    24
Invok: Depart the Abyss  |     1 |       |       |       |       |       |       |     1 ||     2
       Banish            |       |       |       |     1 |     1 |     1 |       |       ||     3
       Brand Weapon With |       |       |       |       |       |       |     1 |       ||     1
Evoke: Wand              |       |       |       |       |     2 |       |       |       ||     2
  Use: Scroll            |     7 |     2 |     9 |     5 |    17 |    13 |    18 |     7 ||    78
       Potion            |     1 |     3 |       |     6 |     2 |     7 |     7 |     2 ||    28
 Stab: Invisible         |     1 |     2 |       |       |       |     1 |       |     1 ||     5
       Distracted        |       |       |     3 |     5 |    18 |     9 |     6 |     3 ||    44
       Paralysed         |       |       |       |       |     1 |       |       |       ||     1
       Petrifying        |       |       |       |       |       |       |       |     1 ||     1
  Eat: Chunk             |     2 |     4 |    13 |    20 |    34 |    28 |    35 |     1 ||   137
       Ration            |       |       |       |     1 |       |     4 |     1 |     2 ||     8
Armor: Leather armour    |    13 |       |       |       |       |       |       |       ||    13
       Ring mail         |    15 |    72 |    11 |       |       |       |       |       ||    98
       Chain mail        |       |       |   107 |       |       |    89 |   489 |    86 ||   771
       Plate armour      |       |       |   151 |   315 |   658 |   658 |       |       ||  1782
       Skin              |       |       |     1 |       |       |       |       |       ||     1
Dodge: Dodged            |    55 |    96 |    85 |    83 |   154 |   520 |   553 |    99 ||  1645
Block: Shield            |       |       |       |    45 |   761 |  1308 |  1188 |   198 ||  3500
       Reflection        |       |       |       |       |       |       |    15 |     8 ||    23

Levels and vault maps discovered:
D:1:      ebering_hopf_link, layout_loops_cross
D:2:      layout_basic, tso_altar, first_ration, uniq_robin
D:3:      layout_basic, doesnt_xom_only_xom
D:4:      layout_cave_pools, led_sif_book, nicolae_overflow_hidden_temple,
          grunt_ministairs_7
D:5:      minmay_general_purpose_star, layout_rooms, general_overflow_altar,
          serial_shops, nicolae_shop_statue_plus, uniq_ijyb
D:6:      layout_loops_ring
D:7:      layout_cave_pools, minmay_temple_entry_waves, uniq_pikel
D:8:      layout_layer_cave, ashenzari_altar_1, kennysheep_little_box,
          overflow_temple_1_default, lair_entry_dummy, uniq_prince_ribbit1
D:9:      layout_basic, nicolae_ru_great_annihilating_truth, david_orc_2,
          gammafunk_ghost_cemetery, st_stairs_5
D:10:     layout_cave_pools
D:11:     layout_basic, serial_park_tiny_2
D:12:     layout_roguey [special_room_orc], serial_curves, eino_curves_02,
          eino_curves_02, hangedman_ranch [blue_anna_fruit_fields],
          uniq_nergalle, uniq_sonja
D:13:     layout_stronghold, basic_altar
D:14:     layout_gridville, grunt_vaults_entry_tiered,
          portal_ice_cave_demonic_guard
D:15:     hangedman_spin_cycle, uniq_nessos
Lair:1:   layout_chaotic_city, grunt_megastairs_2, lemuel_fruit_tree,
          uniq_joseph
Lair:2:   layout_loops_ring, minmay_shoals_entry_lonely_mermaid, uniq_gastronok
Lair:3:   minmay_guarded_unrand_snakebite, layout_cave_pods,
          minmay_snake_entry_six_corridors, grunt_megastairs_1
Lair:4:   dragon1_lemuel, layout_layer_cave, serial_forest,
          infiniplex_forest_lined_4_way, infiniplex_forest_straight_3,
          infiniplex_forest_lined_3, infiniplex_forest_lined_2,
          infiniplex_forest_lined_corner, infiniplex_forest_clump_diagonal,
          infiniplex_forest_pool, infiniplex_forest_straight_2,
          infiniplex_forest_clump_long, infiniplex_forest_clump_long,
          serial_bayou_shore_b
Lair:5:   layout_big_grid, gammafunk_lair_bear_cave
Lair:6:   due_jungle_book, layout_regular_city, slime_altar_1,
          maelrawn_ghost_gauntlet_escape, uniq_josephine
Shoals:1: layout_shoals, serial_shops,
          nicolae_shop_temple_entry_statues_fountains, uniq_jorgrun
Shoals:2: layout_shoals, serial_shops, shop, nicolae_shoals_seven_spires,
          nicolae_shoals_siren_and_animal_friends, uniq_roxanne
Shoals:3: layout_shoals, nicolae_shoals_aquamancer_cove
Shoals:4: shoals_end_grunt_ice, layout_shoals, shoals_ilsuiw_alternative,
          lemuel_centaur_altar
Snake:1:  layout_gridlike, lightli_airlock, grunt_megastairs_5, minmay_shoptagon
Snake:2:  layout_grid_maze
Snake:3:  layout_chambers, hangedman_snake_thin_pillar_pass, uniq_saint_roka,
          uniq_vashnia
Snake:4:  snake_pit, layout_rooms, uniq_donald
Orc:1:    layout_caves, uniq_fannar
Orc:2:    st_orc_pillars, layout_diamond_mine, serial_shops, nicolae_shop_trees,
          basic_altar, minmay_orc_temple_a
Elf:1:    eino_elf_arrival_customs, layout_rooms,
          portal_desolation_entry_nicolae_slug, minmay_elf_sorcery, uniq_kirke,
          uniq_azrael
Elf:2:    layout_gridlike, uniq_agnes
Elf:3:    nooodl_elf_gasket, layout_gridlike, serial_shops, shop_statue,
          uniq_nikola
Vaults:1: nicolae_vaults_network_s, vaults_room_semicircle, v_misc_29,
          nicolae_vaults_little_squares_3, vaults_mumra_bighexcomb, v_misc_16,
          nicolae_vaults_network_star, nicolae_vaults_bisected_inception,
          nicolae_vaults_specimen_jars, layout_vaults_omnibox, serial_shops,
          shop
Vaults:2: hangedman_vaults_unwind, nicolae_vaults_fighting_squares,
          v_alt_pattern_6, hangedman_vaults_impose, hangedman_vaults_slice,
          nicolae_vaults_shelves_hall, nicolae_vaults_three_branches,
          nicolae_vaults_ring_of_whatevers, vaults_dpeg_encased_lava,
          layout_vaults_ring, uniq_mara
Vaults:3: minmay_crypt_entry_necro_gods, vaults_room_door_ring,
          vaults_room_stairs_pillars, v_misc_11, nicolae_vaults_angled_halls,
          v_misc_11, vaults_mumra_minichess, vaults_room_octagon, v_misc_22,
          nicolae_vaults_display_case, layout_vaults_chaotic_city
Vaults:4: vaults_room_octagon, v_misc_14, v_misc_27, hangedman_vaults_stream,
          hangedman_vaults_locks, v_pattern_5, nicolae_vaults_yaktaur_gun_rack,
          hangedman_vaults_trim, layout_vaults_quadrants, serial_shops, shop,
          shop, shop, nicolae_shop_window_shopping, shop_fountains, uniq_boris
